 Dungeon Crawl Stone Soup version 0.28-a0-1447-ga5a8893891 (webtiles) character file.

Game seed: 1078247989080392201

168 shadowrider38 the Skirmisher (level 5, -3/55 HPs)
             Began as an Ogre Transmuter on Jan 10, 2022.
             Killed by the air
             ... invoked by pigah's ghost
              (15 damage)
             ... on level 3 of the Dungeon.
             The game lasted 00:05:57 (5001 turns).

shadowrider38 the Skirmisher (Ogre Transmuter)      Turns: 5001, Time: 00:05:58

Health: -3/55      AC:  2    Str: 14    XL:     5   Next: 48%
Magic:  5/8        EV: 18    Int: 16    God:
Gold:   143        SH:  0    Dex: 14    Spells: 4/8 levels left

rFire   . . .      SeeInvis .     - Unarmed
rCold   . . .      Faith    .   (shield currently unavailable)
rNeg    . . .      Spirit   .   (armour currently unavailable)
rPois   x          Reflect  .   (helmet currently unavailable)
rElec   .          Harm     .   (cloak currently unavailable)
rCorr   .          Rampage  .   (gloves unavailable)
Will    .....                   (boots unavailable)
Stlth   +.........              (no amulet)
HPRegen 0.18/turn               (no ring)
MPRegen 0.11/turn               (no ring)

@: spider-form
A: venomous fangs, tiny, unfitting armour, (tough skin 1)
a: End Transformation


You were on level 3 of the Dungeon.
You were a venomous arachnid creature.
You visited 1 branch of the dungeon, and saw 3 of its levels.

You collected 143 gold pieces.

Inventory:

Hand Weapons
 a - a +0 dagger of venom (melded)
 l - a +4 quarterstaff of chaos
Missiles
 b - 23 poisoned darts
Armour
 f - a +0 robe (melded)
 m - a +0 cloak (melded)
Scrolls
 d - a scroll of teleportation {unknown}
 e - 2 scrolls of identify {unknown}
 h - a scroll of vulnerability {unknown}
 j - a scroll of blinking {unknown}
 n - a scroll of fog {unknown}
Potions
 c - 2 potions of heal wounds {unknown}
 g - 2 potions of curing
 i - a potion of brilliance {unknown}
 k - 2 potions of flight {unknown}
 o - a potion of lignification {unknown}


   Skills:
 + Level 4.5 Fighting
 - Level 1.7 Dodging
 - Level 2.6 Unarmed Combat
 - Level 2.4 Spellcasting
 - Level 4.0 Transmutations


You had 4 spell levels left.
You knew the following spells:

 Your Spells              Type           Power      Damage    Failure   Level
a - Beastly Appendage     Tmut           28%        N/A       12%         1
b - Spider Form           Tmut/Pois      8%         N/A       47%         3

Your spell library contained the following spells:

 Spells                   Type           Power      Damage    Failure   Level
 Wereblood                Tmut           14%        N/A       17%         2
 Ice Form                 Ice/Tmut       8%         N/A       83%         4


Dungeon Overview and Level Annotations

Branches:
Dungeon (3/15)

Altars:

Shops:
D:3 !

Annotations:
D:3 pigah's ghost, amateur OpWn


Innate Abilities, Weirdness & Mutations

You are a venomous arachnid creature.
You have poisonous fangs.
You are tiny and dextrous.
Your spellcasting is less reliable in this form.
Your armour is entirely melded.
You are incapable of wielding weapons or throwing items.
You are too large for most types of armour.
((You have tough skin. (AC +1)))


Message History

Here: pigah's ghost, wielding a weapon of speed (fire blocked by a runed translucent door)
The floor.
You open the gate.
Unknown command.
Unknown command.
Casting: Beastly Appendage (safe; 3% risk of failure)
Confirm with . or Enter, or press ? or * to list all spells.
You turn into a venomous arachnid creature.
Your +0 dagger of venom melds into your body.
Your +0 cloak melds into your body.
Your +0 robe melds into your body.
Your +0 dagger of venom stops dripping with poison.
The water moccasin skeleton bites you.
You bite the water moccasin skeleton!
The water moccasin skeleton is moderately damaged.
The water moccasin skeleton closely misses you.
The water moccasin skeleton misses you.
You hit the water moccasin skeleton.
The water moccasin skeleton is heavily damaged.
The water moccasin skeleton bites you.
You hit pigah's ghost but do no damage. The water moccasin skeleton bites you.
Pigah's ghost waves its tentacles in wide circles.
The air twists around and strikes you!
You hit pigah's ghost.
Pigah's ghost is lightly damaged.
The water moccasin skeleton closely misses you.
Pigah's ghost hits you.
You hit pigah's ghost but do no damage.
Pigah's ghost is lightly damaged.
The water moccasin skeleton bites you.
Pigah's ghost waves its tentacles in wide circles.
The air twists around and strikes you!
* * * LOW HITPOINT WARNING * * *
You hit pigah's ghost but do no damage.
Pigah's ghost is lightly damaged.
The water moccasin skeleton misses you.
Pigah's ghost lets out a mournful wail.
Pigah's ghost completely misses you.
Pigah's ghost waves its tentacles in wide circles.
The air twists around and strikes you!
You die...

............#..........#
#......
............#..........#
#......
####'#####..#..........#
#..)... #.#
##[#..........# #......
#.# #............##
####### #.#
##............#
#.#######............#
#....##.......########
#....##.#....s#.#.#.#
#....'..#....Z#Z(...#
##(..####....W'...?##
#............'...:.#
#.........#..'....##
#............#.....#
#........#.###.#.#)#
###......#.#########
#......#.##.#


You could see pigah's ghost, a killer bee zombie and a water moccasin skeleton.

Vanquished Creatures
  Crazy Yiuf (D:2)
  An iguana (D:3)
  6 adders
  4 dart slugs
  3 endoplasms
  3 giant cockroaches
  6 goblins
  5 hobgoblins
  2 quokkas (D:2)
  5 ball pythons
  4 bats (D:2)
  2 frilled lizards
  4 kobolds
  7 rats
53 creatures vanquished.

Notes
Turn   | Place    | Note
-------+----------+-------------------------------------------
     0 | D:1      | shadowrider38 the Ogre Transmuter began the quest for the
                  | Orb.
     0 | D:1      | Reached XP level 1. HP: 19/19 MP: 3/3
   151 | D:1      | Reached XP level 2. HP: 14/29 MP: 3/5
  1420 | D:2      | Reached XP level 3. HP: 33/39 MP: 4/6
  2171 | D:2      | Reached XP level 4. HP: 25/48 MP: 5/7
  2822 | D:2      | Found a faded altar of an unknown god.
  3097 | D:2      | Found a runed translucent door.
  3098 | D:2      | Noticed Crazy Yiuf
  3431 | D:2      | Learned a level 3 spell: Spider Form
  3439 | D:2      | Killed Crazy Yiuf
  3440 | D:2      | Reached XP level 5. HP: 54/54 MP: 4/8
  4196 | D:3      | Found a runed translucent gate.
  4196 | D:3      | Found a runed translucent gate.
  4196 | D:3      | Found a runed translucent gate.
  4197 | D:3      | Noticed pigah's ghost (amateur OpWn)
  4526 | D:3      | Found Healum's Distillery.
  5001 | D:3      | Killed from afar by pigah's ghost

Illustrated notes

Levels and vault maps discovered:
D:1:      sevenhm_arrival_forest_fort_large_4, layout_loops_ring,
          chequers_serial_rivers_small_a, roderic_roman_lattice,
          hangedman_feature_mirror
D:2:      layout_loops_ring, hellmonk_ecumenical_altar_prayer_group,
          minmay_misc_feat_doors, st_stairs_9, uniq_crazy_yiuf_cottage
D:3:      layout_basic, gammafunk_ghost_necromancy, serial_shops,
          nicolae_shop_waterfront, chequers_arboretum

Skill      XL: |  1  2  3  4  5 |
---------------+----------------+-----
Fighting       | 2 4 |  4.5
Transmutations | 2 3 4 |  4.0
Dodging        | |  1.7
Unarmed Combat | |  2.6
Spellcasting   | |  2.4

Action                   |  1- 3 |  4- 6 || total
-------------------------+-------+-------++-------
Melee: Unarmed           |    28 |    13 ||    41
       Kick              |     6 |     5 ||    11
       Headbutt          |     5 |     4 ||     9
       Punch             |     3 |     3 ||     6
       Dagger            |    80 |    52 ||   132
       Quarterstaff      |       |    14 ||    14
 Cast: Beastly Appendage |     8 |     6 ||    14
       Spider Form       |       |     2 ||     2
 Stab: Sleeping          |     2 |       ||     2
Armor: Robe              |    29 |    28 ||    57
Dodge: Dodged            |    60 |    42 ||   102

Table legend: (Time is in decaauts)
 A = Elapsed time spent in this place.
 B = Non-inter-level travel time spent in this place.
 C = Inter-level travel time spent in this place.
 D = Time resting spent in this place.
 E = Time spent auto-exploring this place.
 F = Levels seen in this place.
 G = Mean time per level.
                   A        B        C        D        E       F      G
               +--------+--------+--------+--------+--------+-----+--------+
         Total |   5013 |   4905 |    108 |   2348 |   2108 |   3 | 1671.0 |
       Dungeon |   5013 |   4905 |    108 |   2348 |   2108 |   3 | 1671.0 |
               +--------+--------+--------+--------+--------+-----+--------+

Top non-repeatable levels by time:
     D:1: 1819 daAuts
     D:2: 1817 daAuts
     D:3: 1377 daAuts
